 Dungeon Crawl Stone Soup version 0.29-a0-67-g1d65ae1bb4 (webtiles) character file.

Game seed: 10139605421610130582

56 Gargoyl the Skirmisher (level 3, 0/31 HPs)
             Began as a Gnoll Abyssal Knight on Feb 3, 2022.
             Was a Follower of Lugonu.
             Slain by Terence (7 damage)
             ... on level 2 of the Dungeon.
             The game lasted 00:02:06 (1627 turns).

Gargoyl the Skirmisher (Gnoll Abyssal Knight)       Turns: 1627, Time: 00:02:06

Health: 0/31       AC:  4    Str: 14    XL:     3   Next: 95%
Magic:  6/6        EV: 12    Int:  9    God:    Lugonu [*.....]
Gold:   40         SH:  0    Dex: 12    Spells: 4/4 levels left

rFire   . . .      SeeInvis .   a - +1 hand axe
rCold   . . .      Faith    .   (no shield)
rNeg    . . .      Spirit   .   b - +0 leather armour
rPois   .          Reflect  .   (helmet restricted)
rElec   .          Harm     .   (no cloak)
rCorr   .          Rampage  .   (no gloves)
Will    .....                   i - +0 pair of boots
Stlth   +.........              (no amulet)
HPRegen 0.10/turn               (no ring)
MPRegen 0.10/turn               (no ring)

@: attractive, flying, unable to read
A: fangs 1, strong nose, distributed training, horns 1, frail 1, inability to
read while threatened
a: Renounce Religion, Depart the Abyss


You were on level 2 of the Dungeon.
You worshipped Lugonu.
Lugonu was aware of your devotion.
You visited 1 branch of the dungeon, and saw 2 of its levels.
You visited the Abyss 1 time.

You collected 40 gold pieces.

Inventory:

Hand Weapons
 a - a +1 hand axe (weapon)
Missiles
 e - 4 poisoned darts (quivered)
Armour
 b - a +0 leather armour (worn)
 i - a +0 pair of boots (worn)
Scrolls
 g - a scroll of immolation {unknown}


   Skills:
 + Level 6.5 Fighting
 + Level 1.0 Short Blades
 + Level 1.0 Long Blades
 + Level 4.6 Axes
 + Level 1.0 Maces & Flails
 + Level 1.0 Polearms
 + Level 1.0 Staves
 + Level 1.0 Slings
 + Level 1.0 Bows
 + Level 1.0 Crossbows
 + Level 1.0 Throwing
 + Level 4.6 Armour
 + Level 2.6 Dodging
 + Level 1.0 Stealth
 + Level 1.0 Shields
 + Level 1.0 Unarmed Combat
 + Level 1.0 Spellcasting
 + Level 0.7 Conjurations
 + Level 0.7 Hexes
 + Level 0.7 Summonings
 + Level 0.7 Necromancy
 + Level 0.7 Translocations
 + Level 0.7 Transmutations
 + Level 0.7 Fire Magic
 + Level 0.7 Ice Magic
 + Level 0.7 Air Magic
 + Level 0.7 Earth Magic
 + Level 0.7 Poison Magic
 + Level 4.6 Invocations
 + Level 1.0 Evocations


You had 4 spell levels left.
You didn't know any spells.
Your spell library contained the following spells:

 Spells                   Type           Power      Damage    Failure   Level
 Call Canine Familiar     Summ           1%         N/A       71%         3
 Inner Flame              Hex/Fire       1%         N/A       71%         3
 Portal Projectile        Hex/Tloc       2%         N/A       71%         3
 Cause Fear               Hex            0%         N/A       98%         4
 Leda's Liquefaction      Hex/Erth       0%         N/A       98%         4
 Discord                  Hex            0%         N/A       100%        8


Dungeon Overview and Level Annotations

Branches:
Dungeon (2/15)

Altars:

Shops:
D:1 =

Annotations:
D:2 Terence


Innate Abilities, Weirdness & Mutations

You have very sharp teeth.
Your uncanny sense of smell can sniff out nearby items.
Your experience applies equally to all skills.
You have a pair of small horns on your head.
You are frail. (-10% HP)
You sometimes lose the ability to read scrolls when taking damage.


Message History

You feel less invigorated.
You feel less confused.
You can read scrolls again.
The goblin is attracted toward you.
It was a potion of flight.
You feel very buoyant.
You fly up into the air.
Terence barely misses you.
You hit Terence but do no damage.
Terence is lightly wounded.
Terence hits you with a +0 mace.
You hit Terence. Your headbutt misses Terence.
Terence is moderately wounded.
Terence hits you with a +0 mace.
You barely miss Terence. You bite Terence, but do no damage.
Terence is moderately wounded.
Terence hits you with a +0 mace.
You hit Terence but do no damage. You bite Terence, but do no damage.
Terence is moderately wounded.
Terence hits you with a +0 mace.
You hit Terence but do no damage. You headbutt Terence, but do no damage.
You bite Terence, but do no damage.
Terence is moderately wounded.
Terence hits you with a +0 mace.
You feel threatened and lose the ability to read scrolls!
You closely miss Terence.
Terence is moderately wounded.
Terence screams, "I'm going to kill you!"
Terence barely misses you.
You hit Terence. Your punch misses Terence.
Terence is heavily wounded.
Terence hits you with a +0 mace!
* * * LOW HITPOINT WARNING * * *
You barely miss Terence. You headbutt Terence.
Terence is severely wounded.
Terence drinks a potion.
Terence is healed!
You cannot read scrolls in your current state!
You hit Terence but do no damage. Your headbutt misses Terence.
Terence is lightly wounded.
Terence hits you with a +0 mace!
You die...

......................
#......#..................
#
#......#..#....#######...#
.####...#....[....# #...#
.......###.##.##.# #...#
#.......#.......# #...#
##.##.......####.####
#...# ............####.#
#..[# #.###......g@@..#
##.## #..>.....#.######
#......>...# ############
∆


You could see Terence and a goblin.

Vanquished Creatures
  An adder (D:2)
  3 dart slugs
  A bat (D:1)
  3 endoplasms
  A giant cockroach (D:1)
  4 hobgoblins
  3 jackals (D:1)
  9 kobolds
  2 quokkas
  3 ball pythons
  4 frilled lizards
  3 goblins
  2 rats (D:2)
39 creatures vanquished.

Notes
Turn   | Place    | Note
-------+----------+-------------------------------------------
     0 | Abyss:1  | Gargoyl the Gnoll Abyssal Knight began the quest for the
                  | Orb.
     0 | Abyss:1  | Reached XP level 1. HP: 23/23 MP: 3/3
     0 | D:1      | Escaped the Abyss
    67 | D:1      | Found Lisamof's Jewellery Shop.
   233 | D:1      | Reached * piety under Lugonu
   234 | D:1      | Reached XP level 2. HP: 25/29 MP: 5/5
   824 | D:1      | Reached XP level 3. HP: 29/35 MP: 6/6
  1405 | D:2      | Reached skill level 1 in Short Blades
  1405 | D:2      | Reached skill level 1 in Long Blades
  1405 | D:2      | Reached skill level 1 in Maces & Flails
  1405 | D:2      | Reached skill level 1 in Polearms
  1405 | D:2      | Reached skill level 1 in Staves
  1405 | D:2      | Reached skill level 1 in Slings
  1405 | D:2      | Reached skill level 1 in Bows
  1405 | D:2      | Reached skill level 1 in Crossbows
  1405 | D:2      | Reached skill level 1 in Throwing
  1405 | D:2      | Reached skill level 1 in Stealth
  1405 | D:2      | Reached skill level 1 in Shields
  1405 | D:2      | Reached skill level 1 in Unarmed Combat
  1405 | D:2      | Reached skill level 1 in Spellcasting
  1405 | D:2      | Reached skill level 1 in Evocations
  1594 | D:2      | Noticed Terence
  1607 | D:2      | Gained mutation: You sometimes lose the ability to read
                  | scrolls when taking damage. [potion of mutation]
  1607 | D:2      | Gained mutation: You are frail. (-10% HP) [potion of
                  | mutation]
  1607 | D:2      | Gained mutation: You have a pair of small horns on your
                  | head. [potion of mutation]
  1627 | D:2      | Slain by Terence

Illustrated notes

Levels and vault maps discovered:
D:1:      nicolae_arrival_washed_ashore, layout_rooms, serial_shops,
          nicolae_shop_waterfront
D:2:      layout_loops_cross, basic_altar, uniq_terence

Skill      XL: |  1  2  3 |
---------------+----------+-----
Short Blades   | 1 |  1.0
Long Blades    | 1 |  1.0
Maces & Flails | 1 |  1.0
Polearms       | 1 |  1.0
Staves         | 1 |  1.0
Slings         | 1 |  1.0
Bows           | 1 |  1.0
Crossbows      | 1 |  1.0
Throwing       | 1 |  1.0
Stealth        | 1 |  1.0
Shields        | 1 |  1.0
Unarmed Combat | 1 |  1.0
Spellcasting   | 1 |  1.0
Evocations     | 1 |  1.0
Fighting       | |  6.5
Axes           | |  4.6
Armour         | |  4.6
Dodging        | |  2.6
Conjurations   | |  0.7
Hexes          | |  0.7
Summonings     | |  0.7
Necromancy     | |  0.7
Translocations | |  0.7
Transmutations | |  0.7
Fire Magic     | |  0.7
Ice Magic      | |  0.7
Air Magic      | |  0.7
Earth Magic    | |  0.7
Poison Magic   | |  0.7
Invocations    | |  4.6

Action                   || total
-------------------------++-------
Melee: Hand axe          ||   111
       Bite              ||    13
       Punch             ||     1
       Headbutt          ||     2
Invok: Depart the Abyss  ||     1
  Use: Scroll            ||     2
       Potion            ||     4
Armor: Leather armour    ||    28
Dodge: Dodged            ||    87

Table legend: (Time is in decaauts)
 A = Elapsed time spent in this place.
 B = Non-inter-level travel time spent in this place.
 C = Inter-level travel time spent in this place.
 D = Time resting spent in this place.
 E = Time spent auto-exploring this place.
 F = Levels seen in this place.
 G = Mean time per level.
                   A        B        C        D        E       F      G
               +--------+--------+--------+--------+--------+-----+--------+
         Total |   1635 |   1623 |     12 |      0 |   1262 |   3 |  545.0 |
       Dungeon |   1635 |   1623 |     12 |      0 |   1262 |   2 |  817.5 |
         Abyss |      0 |      0 |      0 |      0 |      0 |   1 |    0.0 |
               +--------+--------+--------+--------+--------+-----+--------+

Top non-repeatable levels by time:
     D:1: 1072 daAuts
     D:2: 563 daAuts
